 Dungeon Crawl Stone Soup version 0.31-a0-1071-gaead2f62b1 (webtiles) character file.

Game seed: 5250098081682922646

192 wildpjah the Ducker (level 5, -1/41 HPs)
             Began as a Merfolk Gladiator on Nov 26, 2023.
             Slain by Grinder (3 damage)
             ... on level 3 of the Dungeon.
             The game lasted 00:03:34 (2313 turns).

wildpjah the Ducker (Merfolk Gladiator)             Turns: 2313, Time: 00:03:36

Health: -1/41      AC:  4    Str: 14    XL:     5   Next: 71%
Magic:  5/5        EV: 14    Int:  7    God:
Gold:   119        SH:  0    Dex: 18    Spells: 4/4 levels left

rFire   + . .        x - +0 dagger (freeze)
rCold   . . .        (no shield)
rNeg    . . .        b - +0 leather armour
rPois   .            c - +0 helmet
rElec   .            (no cloak)
rCorr   .            (no gloves)
SInv    .            (no boots)
Will    .....        (no amulet)
Stlth   ++           m - ring of protection from fire
HPRegen 0.26/turn    p - ring of flight
MPRegen 0.09/turn

%: no passive effects
@: flying
A: (nimble swimmer 2), mertail
a: no special abilities


You were on level 3 of the Dungeon.
You visited 1 branch of the dungeon, and saw 3 of its levels.

You collected 119 gold pieces.

Inventory:

Hand Weapons
 a - a +0 long sword
 j - a +3 short sword of protection
 x - a +0 dagger of freezing (weapon)
Missiles
 q - 3 boomerangs
Armour
 b - a +0 leather armour (worn)
 c - a +0 helmet (worn)
Magical Staves
 o - a staff of death
Jewellery
 m - a ring of protection from fire (left hand)
 p - a ring of flight (right hand)
Talismans
 v - a maw talisman
Wands
 s - a wand of iceblast (5)
Scrolls
 f - a scroll of immolation {unknown}
 h - 5 scrolls of identify {unknown}
 l - 2 scrolls of teleportation {unknown}
 r - a scroll of summoning {unknown}
Potions
 g - 3 potions of attraction {unknown}
 i - 2 potions of mutation {unknown}
 k - 3 potions of might {unknown}
 n - a potion of degeneration {unknown}
 t - a potion of heal wounds {unknown}
 u - a potion of ambrosia {unknown}
 w - a potion of curing {unknown}


   Skills:
 + Level 3.0 Fighting
 + Level 2.5(3.9) Short Blades
 + Level 4.5(4.9) Long Blades
 + Level 2.0 Throwing
 - Level 1.2 Armour
 * Level 5.3 Dodging
 - Level 1.2 Stealth
 * Level 0.6 Shapeshifting


You had 4 spell levels left.
You didn't know any spells.
Your spell library was empty.

Dungeon Overview and Level Annotations

Branches:
Dungeon (3/15)

Altars:
Hepliaklqana

Annotations:
D:3 1 transporter, Grinder; pigah's ghost, novice OpSh


Innate Abilities, Weirdness & Mutations

((You are very nimble when in or above water. (Stealth+, EV+, Speed+++)))
Your lower body shifts to a powerful aquatic tail in water.


Message History

Press: ? - help, Q - select action, (/) - cycle Shift-Dir - straight line, f/p - Grinder
Aim: Grinder (moderately wounded)
The mass of ice explodes!
The iceblast engulfs Grinder!
Grinder partially resists.
Grinder is heavily wounded.
Aiming: Iceblast
Press: ? - help, Q - select action, (/) - cycle Shift-Dir - straight line, f/p - Grinder
Aim: Grinder (heavily wounded)
The mass of ice explodes!
The iceblast engulfs Grinder!
Grinder partially resists.
Grinder is severely wounded.
Grinder gestures at you. Pain shoots through your body!
* * * LOW HITPOINT WARNING * * *
Throw: javelin
Press: ? - help, Q - select action, (/) - cycle Shift-Dir - straight line, f/p - Grinder
Aim: Grinder (severely wounded, 57% to hit)
You throw a javelin. The javelin pierces through Grinder!
Grinder is almost dead.
You hit Grinder.
Grinder is almost dead.
Grinder barely misses you.
You hit Grinder.
Grinder is almost dead.
Grinder blinks!
You hit Grinder but do no damage.
Grinder is almost dead.
You hit Grinder but do no damage.
Grinder is almost dead.
Grinder hits you.
* * * LOW HITPOINT WARNING * * *
You writhe in agony.
* * * LOW HITPOINT WARNING * * *
You hit Grinder but do no damage.
Grinder is almost dead.
Grinder hits you.
* * * LOW HITPOINT WARNING * * *
You writhe in agony.
You die...
Grinder says, "Now the real fun starts!"

....#. #.#...
#####......####.#.##
#####.#.#.....#.#.#.#.#<
.........#...#.#.#.#.#.#
.......#.#.#.#.#.#.#.#.
.....(#.#.#.#.#.#.#.#
##....(#.#.#.#.#.#.#)
#.....#.#.#.#.#.#.#.#
#.5@..#.#.#.#.#.#.#.
+....#.#.#.#.#.#.#.#
#.....#.#.#.#.......
#.#+#.#.#.#.#.#.....# ##
#(#.#.#.#.#+.....'
#.#.#.#.#.#.#.....#
#.#.#.#.#.#.#.......
#.#.#.#.#.#.#.#......
##.#.#.#.#.#.#.....##


You could see Grinder.

Vanquished Creatures
  A phantom (D:2)
  An orc priest (D:3)
  An orc wizard (D:3)
  2 adders
  A worm (D:2)
  A dart slug (D:1)
  6 orcs (D:3)
  3 endoplasms (D:2)
  A giant cockroach (D:2)
  A goblin (D:1)
  3 hobgoblins
  2 jackals (D:1)
  6 kobolds
  A quokka (D:2)
  3 ball pythons
  2 bats (D:2)
  4 frilled lizards
  2 rats
41 creatures vanquished.

Notes
Turn   | Place    | Note
-------+----------+-------------------------------------------
     0 | D:1      | wildpjah the Merfolk Gladiator began the quest for the Orb.
     0 | D:1      | Reached XP level 1. HP: 16/16 MP: 1/1
   423 | D:1      | Reached XP level 2. HP: 9/22 MP: 2/2
  1484 | D:2      | Reached XP level 3. HP: 28/28 MP: 3/3
  1763 | D:3      | Noticed a phantom
  1770 | D:3      | Reached skill level 1 in Short Blades
  1796 | D:2      | Killed a phantom
  1797 | D:2      | Reached skill level 1 in Armour
  1797 | D:2      | Reached skill level 5 in Dodging
  1797 | D:2      | Reached skill level 1 in Stealth
  1797 | D:2      | Reached XP level 4. HP: 27/34 MP: 4/4
  1797 | D:2      | Reached XP level 5. HP: 31/39 MP: 5/5
  1918 | D:3      | Noticed a small abomination
  2028 | D:3      | Noticed a small abomination
  2030 | D:3      | Found a transporter.
  2040 | D:3      | Noticed a small abomination
  2073 | D:3      | Noticed pigah's ghost (novice OpSh)
  2078 | D:3      | Noticed a toenail golem
  2086 | D:3      | Found a hazy altar of Hepliaklqana.
  2283 | D:3      | Noticed Grinder
  2299 | D:3      | Paralysed by Grinder for 3 turns
  2312 | D:3      | HP: 2/41 [Grinder (4)]
  2313 | D:3      | Slain by Grinder

Illustrated notes

Levels and vault maps discovered:
D:1:      wheals_arrival_shading, layout_loops_corners, minivault_19,
          hangedman_decor_diamond_cutter, amcnicky_mini_rare_corridor_liquid
D:2:      layout_basic, minmay_octomino_j4
D:3:      layout_basic, mainiacjoe_overflow_tiny_flanked, lemuel_doored_altar,
          gammafunk_ghost_abyssal_escape, saegor_snake_ambush, uniq_grinder

Skill      XL: |  1  2  3  4  5 |
---------------+----------------+-----
Long Blades    | 4 |  4.5
Short Blades   | 1 2 |  2.5
Armour         | 1 |  1.2
Dodging        | 5 |  5.3
Stealth        | 1 |  1.2
Fighting       | 3 |  3.0
Throwing       | |  2.0
Shapeshifting  | |  0.6

Action                     |  1- 3 |  4- 6 || total
---------------------------+-------+-------++-------
  Melee: Long sword        |    18 |       ||    18
         Short sword       |    96 |    30 ||   126
         Punch             |     2 |       ||     2
         Dagger            |       |    33 ||    33
  Throw: Throwing net      |       |     3 ||     3
         Javelin           |       |     1 ||     1
  Evoke: Wand              |       |     3 ||     3
   Stab: Sleeping          |     2 |     1 ||     3
 Armour: Leather armour    |    64 |    32 ||    96
  Dodge: Dodged            |    57 |    24 ||    81

Table legend: (Time is in decaauts)
 A = Elapsed time spent in this place.
 B = Non-inter-level travel time spent in this place.
 C = Inter-level travel time spent in this place.
 D = Time resting spent in this place.
 E = Time spent auto-exploring this place.
 F = Levels seen in this place.
 G = Mean time per level.
                   A        B        C        D        E       F      G
               +--------+--------+--------+--------+--------+-----+--------+
         Total |   2293 |   2214 |     79 |     26 |   1826 |   3 |  764.3 |
       Dungeon |   2293 |   2214 |     79 |     26 |   1826 |   3 |  764.3 |
               +--------+--------+--------+--------+--------+-----+--------+

Top non-repeatable levels by time:
     D:1: 1051 daAuts
     D:2: 761 daAuts
     D:3: 480 daAuts
